 Dungeon Crawl Stone Soup version 0.26-a0-1191-ge2a0e31ab3 (webtiles) character file.

Game seed: 7201734376371879933

285 vvl the Chiller (level 6, -2/41 HPs)
             Began as a Demonspawn Ice Elementalist on Dec 28, 2020.
             Slain by Frask's ghost (7 damage)
             ... on level 3 of the Dungeon.
             The game lasted 00:21:07 (4973 turns).

vvl the Chiller (Demonspawn Ice Elementalist)       Turns: 4973, Time: 00:21:10

Health: -2/41      AC:  2    Str:  6 (8)  XL:     6   Next: 7%
Magic:  8/10       EV: 12    Int: 16 (18) God:
Gold:   88         SH:  0    Dex: 11 (14) Spells: 4/11 levels left

rFire    . . .     SeeInvis .   o - +0 short sword (speed)
rCold    + . .     Faith    .   (no shield)
rNeg     . . .     Spirit   .   a - +0 robe
rPois    .         Reflect  .   (helmet restricted)
rElec    .         Harm     .   (no cloak)
rCorr    .         Rampage  .   (no gloves)
Will     .....                  (no boots)
Stlth    ++........             (no amulet)
HPRegen  0.13/turn              (no ring)
MPRegen  0.12/turn              (no ring)

@: flying
A: horns 1, cold resistance 1
a: no special abilities


You were on level 3 of the Dungeon.
You visited 1 branch of the dungeon, and saw 3 of its levels.

You collected 88 gold pieces.

Inventory:

Hand Weapons
 o - a +0 short sword of speed (weapon)
Missiles
 k - 2 javelins
Armour
 a - a +0 robe (worn)
 h - a +0 buckler
Jewellery
 b - an uncursed ring of protection from fire {unknown}
 j - an uncursed ring of protection from cold {unknown}
Scrolls
 g - a scroll of remove curse {unknown}
 i - a scroll of enchant armour {unknown}
 l - a scroll of identify {unknown}
 n - a scroll of fear {unknown}
Potions
 c - a potion of degeneration
 e - a potion of resistance {unknown}
 f - a potion of flight
 m - a potion of haste {unknown}


   Skills:
 - Level 1.7 Dodging
 - Level 1.7 Stealth
 + Level 3.1 Spellcasting
 + Level 2.7 Necromancy
 * Level 5.1 Ice Magic
 + Level 2.3 Evocations


You had 4 spell levels left.
You knew the following spells:

 Your Spells              Type           Power        Failure   Level
a - Freeze                Ice            72%          2%          1
b - Frozen Ramparts       Ice            36%          7%          3
c - Ozocubu's Armour      Ice            18%          7%          3

Your spell library contained the following spells:

 Spells                   Type           Power        Failure   Level
 Hailstorm                Conj/Ice       10%          54%         4
 Summon Ice Beast         Ice/Summ       10%          54%         4


Dungeon Overview and Level Annotations

Branches:
Dungeon (3/15)

Altars:

Annotations:
D:3 Frask's ghost, amateur MiMo


Innate Abilities, Weirdness & Mutations

You have a pair of small horns on your head.
Your flesh is cold resistant. (rC+)


Message History

The wall freezes the hound zombie but does no damage.
The wall freezes Frask's ghost.
Frask's ghost hits you!
* * * LOW HITPOINT WARNING * * *
The centaur zombie completely resists.
The wall freezes the centaur zombie but does no damage.
The centaur zombie barely misses you.
It was a potion of flight.
You feel very buoyant.
You fly up into the air.
The centaur zombie completely resists.
The wall freezes the centaur zombie but does no damage.
The centaur zombie hits you.
* * * LOW HITPOINT WARNING * * *
The wall freezes Frask's ghost.
Frask's ghost misses you.
It was a potion of degeneration.
There was something very wrong with that liquid.
You feel weakened.
You feel dopey.
You feel clumsy.
The frozen ramparts melt away.
The centaur zombie hits you.
* * * LOW HITPOINT WARNING * * *
Frask's ghost hits you!
You die...

... #........ # #...
#........ .. ...
#........ #..#..
#######?.!..... ..>.#
...##......... ...
#..).........
#.#####...#..?.....
#...÷...#.#.#.<...#
#..÷[)##.@Z.....#
......÷.##.<###W''####
.###....###.#.Z.....#
###... ####.....##
##.# .......# #.#
##..?$.## #.# ..#.#!.#
#.# #########


You could see Frask's ghost, a hound zombie and a centaur zombie.

Vanquished Creatures
  Terence (D:2)
  Natasha (thrice) (D:2)
  8 gnolls
  6 adders
  A worm (D:2)
  2 dart slugs (D:1)
  A leopard gecko (D:2)
  An orc (D:2)
  4 bats
  2 giant cockroaches (D:1)
  8 goblins
  4 hobgoblins
  2 jackals (D:3)
  3 quokkas
  A ball python (D:2)
  5 frilled lizards
  3 kobolds (D:2)
  3 rats (D:1)
58 creatures vanquished.

Notes
Turn   | Place    | Note
-------+----------+-------------------------------------------
     0 | D:1      | vvl the Demonspawn Ice Elementalist began the quest for the
                  | Orb.
     0 | D:1      | Reached XP level 1. HP: 13/13 MP: 3/3
    93 | D:1      | Gained mutation: You have a pair of small horns on your
                  | head. [demonic ancestry]
    93 | D:1      | Reached XP level 2. HP: 18/19 MP: 1/5
   986 | D:2      | Reached skill level 1 in Necromancy
   986 | D:2      | Reached skill level 4 in Ice Magic
   986 | D:2      | Reached skill level 1 in Evocations
   986 | D:2      | Reached XP level 3. HP: 12/24 MP: 2/6
  1668 | D:2      | Learned a level 3 spell: Frozen Ramparts
  1732 | D:2      | Reached XP level 4. HP: 9/30 MP: 1/7
  2189 | D:2      | Noticed Natasha
  2207 | D:2      | Killed Natasha
  2369 | D:2      | Noticed Terence
  2377 | D:2      | Killed Terence
  2378 | D:2      | Gained mutation: Your flesh is cold resistant. (rC+)
                  | [demonic ancestry]
  2378 | D:2      | Reached XP level 5. HP: 28/35 MP: 0/9
  3077 | D:2      | Noticed Natasha
  3082 | D:2      | Killed Natasha
  3098 | D:2      | Noticed Natasha
  3104 | D:2      | Killed Natasha
  3833 | D:2      | Learned a level 3 spell: Ozocubu's Armour
  4368 | D:3      | Reached skill level 5 in Ice Magic
  4539 | D:3      | Found a runed translucent gate.
  4539 | D:3      | Found a runed translucent gate.
  4539 | D:3      | Found a runed translucent gate.
  4540 | D:3      | Noticed Frask's ghost (amateur MiMo)
  4550 | D:3      | Reached XP level 6. HP: 29/41 MP: 3/10
  4973 | D:3      | Slain by Frask's ghost

Illustrated notes

Levels and vault maps discovered:
D:1:      dpeg_arrival_radiant, layout_loops_ring
D:2:      wad_lake_hut, layout_basic, kennysheep_generic_room_13, uniq_natasha,
          uniq_terence
D:3:      layout_rooms, gammafunk_ghost_necromancy

Skill      XL: |  1  2  3  4  5 |
---------------+----------------+-----
Necromancy     | 1 2 |  2.7
Ice Magic      | 4 5 |  5.1
Evocations     | 1 2 |  2.3
Spellcasting   | 3 |  3.1
Dodging        | |  1.7
Stealth        | |  1.7

Action                   |  1- 3 |  4- 6 || total
-------------------------+-------+-------++-------
Melee: Dagger            |    63 |    33 ||    96
       Headbutt          |     5 |    11 ||    16
       Short sword       |       |    40 ||    40
 Cast: Freeze            |    25 |    22 ||    47
       Frozen Ramparts   |     1 |     8 ||     9
       Ozocubu's Armour  |       |     2 ||     2
  Use: Potion            |       |     4 ||     4
 Stab: Sleeping          |     4 |     1 ||     5
Armor: Robe              |    17 |    13 ||    30
Dodge: Dodged            |    52 |    60 ||   112

Table legend: (Time is in decaauts)
 A = Elapsed time spent in this place.
 B = Non-inter-level travel time spent in this place.
 C = Inter-level travel time spent in this place.
 D = Time resting spent in this place.
 E = Time spent auto-exploring this place.
 F = Levels seen in this place.
 G = Mean time per level.
                   A        B        C        D        E       F      G
               +--------+--------+--------+--------+--------+-----+--------+
         Total |   5001 |   4733 |    268 |   1577 |   2635 |   3 | 1667.0 |
       Dungeon |   5001 |   4733 |    268 |   1577 |   2635 |   3 | 1667.0 |
               +--------+--------+--------+--------+--------+-----+--------+

Top non-repeatable levels by time:
     D:2: 3564 daAuts
     D:1: 976 daAuts
     D:3: 460 daAuts
